 Dungeon Crawl Stone Soup version 0.31-a0-431-g88bdf31460 (webtiles) character file.

Game seed: 9519744879652720318

72 Flugkiller the Changeling (level 4, 0/26 HPs)
             Began as a Deep Elf Shapeshifter on July 31, 2023.
             Killed by nerve-wracking pain
             ... invoked by Jessica
              (5 damage)
             ... on level 3 of the Dungeon.
             The game lasted 00:02:19 (1994 turns).

Flugkiller the Changeling (Deep Elf Shapeshifter)   Turns: 1994, Time: 00:02:19

Health: 0/26       AC:  3    Str: 12    XL:     4   Next: 6%
Magic:  6/6        EV: 12    Int: 13    God:
Gold:   172        SH:  0    Dex: 17    Spells: 3/3 levels left

rFire   . .          .
                       - Unarmed
rCold   . . .        (no shield)
rNeg    . . .        k - +0 leather armour
rPois   +            (helmet currently unavailable)
rElec   .            (cloak currently unavailable)
rCorr   .            (gloves currently unavailable)
SInv    .            (boots currently unavailable)
Will    .....        (no amulet)
Stlth   +            o - ring of poison resistance
HPRegen 0.24/turn    (no ring)
MPRegen 0.10/turn

%: no passive effects
@: beast-form
A: beast (slay +2)
a: Begin Untransformation


You were on level 3 of the Dungeon.
You were a hulking beast.
You visited 1 branch of the dungeon, and saw 3 of its levels.

You collected 172 gold pieces.

Inventory:

Armour
 k - a +0 leather armour (worn)
   (You found it on level 3 of the Dungeon)
Jewellery
 o - a ring of poison resistance (left hand)
   (You found it on level 2 of the Dungeon)
Talismans
 c - a beast talisman (active)
 d - a serpent talisman
   (You found it on level 1 of the Dungeon)
 f - a blade talisman
   (You found it on level 3 of the Dungeon)
Scrolls
 e - a scroll of fog
 j - a scroll of enchant armour {unknown}
 t - a scroll of teleportation
Potions
 b - a potion of enlightenment
 g - a potion of degeneration {unknown}
 i - a potion of haste {unknown}


   Skills:
 - Level 2.0 Fighting
 - Level 2.4 Dodging
 + Level 3.1 Unarmed Combat
 * Level 3.8 Shapeshifting


You had 3 spell levels left.
You didn't know any spells.
Your spell library contained the following spells:

 Spells                   Type           Power      Damage    Failure   Level
 Poisonous Vapours        Pois/Air       0%         N/A       52%         2
 Mephitic Cloud           Conj/Pois/Air  0%         N/A       75%         3
 Freezing Cloud           Conj/Ice/Air   0%         6-21      100%        5


Dungeon Overview and Level Annotations

Branches:
Dungeon (3/15) Zot: 16008

Altars:
Dithmenos

Annotations:
D:3 Jessica


Message History

a +0 club; a kobold corpse You now have 158 gold pieces (gained 9).
b - a purple potion You start resting.
HP restored.
You now have 166 gold pieces (gained 8).
Found a ring mail.
f - a blade talisman You pick up a book of Vapours and begin reading...
You add the spells Poisonous Vapours, Mephitic Cloud and Freezing Cloud to your library.
A rat comes into view.
A rat is nearby!
You hit the rat.
You kill the rat!
No target in view!
No target in view!
Found a beast talisman and a leather armour.
Found a stone staircase leading down.
You see here a beast talisman.
There is a stone staircase leading down here.
You see here a +0 leather armour.
A quokka comes into view.
A quokka is nearby!
A hobgoblin comes into view.
The hobgoblin shouts!
The quokka barely misses you.
You hit the quokka.
The quokka is almost dead.
The quokka closely misses you.
You barely miss the quokka.
The quokka is almost dead.
The quokka closely misses you.
You closely miss the quokka.
The quokka is almost dead.
The quokka barely misses you.
You hit the quokka.
You kill the quokka!
You closely miss the hobgoblin. The hobgoblin barely misses you.
You hit the hobgoblin.
The hobgoblin is almost dead.
The hobgoblin hits you but does no damage.
You hit the hobgoblin.
You kill the hobgoblin!
No target in view!
No target in view!
You see here a +0 leather armour.
k - a +0 leather armour You start removing your armour.
You continue taking off your +0 animal skin. x4
You finish taking off your +0 animal skin.
You start putting on your armour.
You continue putting on your +0 leather armour. x5
You finish putting on your +0 leather armour.
You drop a +0 animal skin.
As you read the scroll labelled QAYRYM VIMN, it crumbles to dust.
It is a scroll of identify.
e - a scroll of fog;
r - a scroll of identify
As you read the scroll of identify, it crumbles to dust.
b - a potion of enlightenment
There is a stone staircase leading down here.
You see here a beast talisman.
Found 7 stones.
You now have 172 gold pieces (gained 6).
You see here a rat corpse.
You see here a beast talisman.
There is a stone staircase leading down here.
You see here a +0 animal skin.
Jessica the Apprentice Sorceress comes into view.
She is wielding a +0 club.
Unknown command.
Jessica gestures at you while chanting.
You feel yourself slow down.
Things that are here:
a hobgoblin corpse; a quokka corpse Jessica says, "Why did you come here?"
Jessica gestures wildly while chanting.
Jessica seems to speed up.
You barely miss Jessica. Jessica closely misses you.
Jessica hits you with a +0 club. x2
You hit Jessica.
Jessica is moderately wounded.
Jessica barely misses you. Jessica hits you with a +0 club.
You hit Jessica.
Jessica is severely wounded.
Jessica closely misses you. Jessica gestures at you while chanting.
Pain shoots through your body!
You closely miss Jessica.
Jessica is severely wounded.
Jessica barely misses you. Jessica closely misses you.
You completely miss Jessica.
Jessica is severely wounded.
You feel yourself speed up.
Jessica looks very angry.
Jessica closely misses you. Jessica hits you with a +0 club.
* * * LOW HITPOINT WARNING * * *
You barely miss Jessica.
Jessica is severely wounded.
Jessica points at you and mumbles some strange words.
Pain shoots through your body!
You die...

######.####....#
#.....†...# #####..##.#
######.##.# #.[>◎..##.#
##.####.##.###### #..#
#.##.##...# . ##.##
#.##.##.(.# ..######..#
#.h..##...#
.........########@..#...#
#..........@..†.........#
...###############.##...#
# ####.##...# #.........#
#.........# #.........#
###########


You could see Jessica (fast).

Vanquished Creatures
  2 adders
  6 ball pythons
  3 bats
  3 endoplasms
  5 giant cockroaches
  4 goblins
  6 hobgoblins
  6 jackals
  2 quokkas
  3 frilled lizards
  3 kobolds
  3 rats
46 creatures vanquished.

Notes
Turn   | Place    | Note
-------+----------+-------------------------------------------
     0 | D:1      | Flugkiller the Deep Elf Shapeshifter began the quest for
                  | the Orb.
     0 | D:1      | Reached XP level 1. HP: 11/11 MP: 3/3
    49 | D:1      | Reached skill level 1 in Fighting
   283 | D:1      | Reached XP level 2. HP: 17/17 MP: 4/4
  1147 | D:2      | Reached XP level 3. HP: 19/21 MP: 5/5
  1589 | D:3      | Found a shadowy altar of Dithmenos.
  1753 | D:3      | Reached XP level 4. HP: 16/26 MP: 6/6
  1973 | D:3      | Noticed Jessica
  1994 | D:3      | Killed from afar by Jessica

Illustrated notes

Levels and vault maps discovered:
D:1:      lemuel_arrival_cross, layout_loops_corners,
          wander_ebering_terrifying_dragon_lair
D:2:      layout_rooms
D:3:      layout_rooms, mainiacjoe_overflow_alcove_1, uniq_jessica

Skill      XL: |  1  2  3 |
---------------+----------+-----
Fighting       | 1 2 |  2.0
Unarmed Combat | 3 |  3.1
Dodging        | |  2.4
Shapeshifting  | |  3.8

Action                     |  1- 3 |  4- 6 || total
---------------------------+-------+-------++-------
  Melee: Unarmed           |   138 |    19 ||   157
    Use: Scroll            |     1 |     2 ||     3
         Potion            |     1 |       ||     1
   Stab: Sleeping          |     2 |       ||     2
 Armour: Animal skin       |    26 |     1 ||    27
         Skin              |     5 |       ||     5
  Dodge: Dodged            |    66 |    13 ||    79

Table legend: (Time is in decaauts)
 A = Elapsed time spent in this place.
 B = Non-inter-level travel time spent in this place.
 C = Inter-level travel time spent in this place.
 D = Time resting spent in this place.
 E = Time spent auto-exploring this place.
 F = Levels seen in this place.
 G = Mean time per level.
                   A        B        C        D        E       F      G
               +--------+--------+--------+--------+--------+-----+--------+
         Total |   1990 |   1962 |     28 |    269 |   1238 |   3 |  663.3 |
       Dungeon |   1990 |   1962 |     28 |    269 |   1238 |   3 |  663.3 |
               +--------+--------+--------+--------+--------+-----+--------+

Top non-repeatable levels by time:
     D:1: 1061 daAuts
     D:2: 500 daAuts
     D:3: 429 daAuts
